[Event "76th Montenegro Championship 2024"]
[Site "Podgorica"]
[Date "2024.02.06"]
[Round "1.13"]
[White "Djurovic, Peko"]
[Black "Popovic, Mateja"]
[Result "1-0"]
[ECO "B48"]
[WhiteElo "2332"]
[BlackElo "1880"]
[Annotator "TA"]
[PlyCount "54"]
[EventDate "2024.02.06"]
[EventType "swiss"]
[EventCountry "MNE"]
[SourceTitle "playchess.com"]
[Source "ChessBase"]
[SourceQuality "1"]
[TimeControl "40/5400+30:1800+30"]

1. e4 c5 2. Nf3 e6 3. d4 cxd4 4. Nxd4 Nc6 5. Nc3 Qc7 6. Be3 a6 7. Qf3 Nf6 8. O-O-O Ne5 9. Qg3 {[%emt 0:00:20] White is slightly better.} b5 {[%emt 1:30:29] Hoping for ...b4.} 10. f4 Nc4 ({Better is} 10... Neg4 $14) 11. e5 {[%emt 0:03:57] [#]} ({White has to play} 11. Bxc4 $16 Qxc4 12. e5) 11... Nxb2 12. exf6 $16 (12. Kxb2 Ba3+ 13. Kb1 (13. Kxa3 $2 Qxc3+ 14. Nb3 Ne4 $19) 13... Qxc3 $17) 12... Qxc3 13. fxg7 Rg8 (13... Qa3 $16 {might work better.} 14. gxf8=B (14. gxh8=N $2 Nc4+ 15. Kb1 Qb2#) (14. gxf8=R+ Rxf8 15. Bf2 Qxa2 $18) (14. gxh8=Q $2 Nc4+ 15. Kb1 Qb2#) 14... Rxf8) 14. gxf8=Q+ Kxf8 {[%emt 0:00:00] [#]} 15. Qf2 (15. Qf3 $1 $18 {[%cal Rf3a8] and the rest is easy.} Nxd1 16. Kxd1 (16. Qxa8 $2 Nxe3 17. Bd3 Qa1+ 18. Kd2 Qxd4 $19)) 15... Nxd1 16. Kxd1 Bb7 {[%emt 0:00:00] [#]} 17. Nb3 $1 d6 {[%emt 0:00:00] Dodges Bc5} 18. Bd2 Qg7 (18... Qb2 $16) 19. Bb4 $18 Ke8 20. Rg1 (20. Bxd6 Bxg2 21. Rg1 Rd8) 20... Rc8 (20... Qb2 $142 21. Bxd6 Rd8) 21. Bd3 {[%emt 0:01:46][%cal Of2b6] aiming for Qb6!} (21. Bxd6 Be4 $18) 21... e5 (21... f5 $142 22. Kc1 (22. Bxd6 Qd7 $18) 22... Qd7) 22. Qb6 (22. Bxd6 e4 23. Qb6 f5 $18) 22... Bf3+ {[%emt 0:00:00] Black is weak on the dark squares} (22... f5 23. Bxf5 (23. Qxd6 Rc6 $18) 23... Qc7) 23. Kc1 {[%emt 0:00:24] White is clearly winning.} (23. gxf3 Qxg1+ 24. Qxg1 Rxg1+ 25. Kd2 exf4 26. Bxh7 Ke7 $11) 23... Rc6 24. Qe3 Bd5 25. Nd4 Rc7 26. Nf5 Qf6 27. Bxd6 {[%emt 0:02:18] This pair of bishops is nice.} Rc3 {[%emt 0:02:21] Weighted Error Value: White=0.26 (precise) /Black=0.61.  Mistake:       	White=2     	Black=7      Inaccurate:     	---       	Black=1      OK:         	White=8     	Black=1      Best:        	White=2     	Black=3      Strong:       	White=1     	---} 1-0

[Event "76th Montenegro Championship 2024"]
[Site "Podgorica"]
[Date "2024.02.06"]
[Round "1.14"]
[White "Milovic, Ilija"]
[Black "Draganic, Veljko"]
[Result "0-1"]
[ECO "D10"]
[WhiteElo "1823"]
[BlackElo "2323"]
[Annotator "TA"]
[PlyCount "92"]
[EventDate "2024.02.06"]
[EventType "swiss"]
[EventCountry "MNE"]
[SourceTitle "playchess.com"]
[Source "ChessBase"]
[SourceQuality "1"]
[TimeControl "40/5400+30:1800+30"]

1. d4 d5 2. c4 c6 3. cxd5 cxd5 4. Bf4 Nc6 5. e3 Qb6 6. Nc3 e6 7. Bd3 Bd7 8. Nge2 {[%emt 0:02:19] White is slightly better.} Nf6 9. O-O Rc8 10. Rc1 Na5 {[%emt 0:09:21][%cal Oa5c4] [#]} 11. Nb5 Nc4 $1 $11 (11... Rxc1 12. Qxc1 Nc4 (12... Bxb5 $2 13. Qc8+ Ke7 14. Bc7 $18) 13. Nc7+ Kd8 14. Bxc4 dxc4 15. Qxc4) 12. Nc7+ Kd8 $17 13. Bxc4 dxc4 14. d5 {[%emt 0:01:26] [#]} (14. Rxc4 $17 Bd6 15. Bxd6 Qxd6 16. e4) 14... e5 $1 $19 15. Bxe5 {[%emt 0:01:06] [#]} Bd6 $1 16. Ne6+ fxe6 17. dxe6 (17. Bd4 {was called for.} Qa6 18. Bxf6+ gxf6 19. dxe6 Bxe6 20. Nd4) 17... Bxe5 18. exd7 Nxd7 (18... Bxb2 $2 19. dxc8=N+ (19. dxc8=R+ Kxc8 20. Rxc4+ Kb8 $18) 19... Kxc8 20. Rxc4+ Kb8 21. Qc2 $18) 19. Qa4 Re8 (19... Bxb2 20. Rxc4 Rxc4 21. Qxc4 $19) (19... Qxb2 20. Rfd1 Rc6 21. Rc2 $17) 20. Rfd1 Re7 21. Rxc4 Rc6 22. Rb4 (22. Rxc6 $17 bxc6 23. g3) 22... Qa6 23. Qxa6 Rxa6 24. Rxb7 (24. Nc1 {might work better.}) 24... Rxa2 25. Nc3 Bxc3 26. bxc3 Kc8 27. Rb5 Nb6 28. g3 Rf7 29. f4 Rd7 30. Rxd7 Nxd7 {[%emt 0:00:52][%mdl 4096] Endgame. KRN-KR} ({But not} 30... Kxd7 31. h4 $19) 31. e4 Kc7 {[%emt 0:00:14] Strongly threatening ...a5.} 32. Rg5 (32. c4 {was necessary.}) 32... g6 33. h4 Nf6 (33... a5 $142 {...a4 would now be deadly.} 34. h5 a4) 34. f5 gxf5 ({Resist} 34... Nxe4 35. fxg6 hxg6 (35... Nxc3 $2 {is the wrong capture.} 36. gxh7 Ra1+ 37. Kg2 $18) 36. Rxg6 $15) 35. exf5 (35. Rxf5 Nxe4 36. Rf7+ Kb6 37. Rxh7) 35... Kd6 36. Rg7 Ke5 37. g4 (37. Kf1 $19 h5 (37... Kxf5 $2 38. g4+ Nxg4 39. Rxh7 $19) 38. Ke1) 37... Kf4 {[%emt 0:00:33] Black mates.} 38. g5 Ng4 39. Rd7 Ne3 40. Re7 Re2 41. Rxa7 Kg3 42. Ra1 Rg2+ 43. Kh1 Ng4 44. Rf1 Nf2+ 45. Rxf2 Rxf2 46. g6 Rf1# {[%emt 0:00:05] Weighted Error Value: White=0.52/Black=0.17 (very precise) .  Mistake:       	White=9     	Black=1      Inaccurate:     	White=1     	Black=2      OK:         	White=10    	Black=11     Best:        	---       	Black=4      Strong:       	---       	Black=2} 0-1

[Event "76th Montenegro Championship 2024"]
[Site "Podgorica"]
[Date "2024.02.06"]
[Round "1.15"]
[White "Skvortsov, Andrei"]
[Black "Petrovic, Slavko"]
[Result "1-0"]
[ECO "B21"]
[WhiteElo "2307"]
[BlackElo "1836"]
[Annotator "TA"]
[PlyCount "47"]
[EventDate "2024.02.06"]
[EventType "swiss"]
[EventCountry "MNE"]
[SourceTitle "playchess.com"]
[Source "ChessBase"]
[SourceQuality "1"]
[TimeControl "40/5400+30:1800+30"]

1. e4 c5 2. d4 cxd4 3. Qxd4 a6 4. c4 Nc6 5. Qe3 Nf6 6. Nc3 e6 7. Nf3 Qc7 8. Be2 {[%emt 0:00:52] White is slightly better.} b6 9. O-O Bc5 10. Qg5 Kf8 (10... O-O $14) 11. e5 $16 h6 12. Qf4 $36 {[%emt 0:02:56][%mdl 2048] Keeping Black busy.} Ne8 13. Be3 {[%emt 0:01:58] Black must now prevent Bxc5+.} Be7 ({Better is} 13... d6 $14) 14. Nd5 {[%emt 0:09:09] White has more active pieces.} g5 $2 {[%emt 0:07:56][%mdl 8192] [#] A mistake that costs the game.} (14... exd5 $16 {is a better chance.} 15. cxd5 Nd8) 15. Nxc7 $18 {[%emt 0:00:10][%cal Bd5c7,Bc7a8,Ba8b6,Bb6d7][%mdl 32] White is clearly winning.} gxf4 16. Nxa8 fxe3 17. Nxb6 exf2+ 18. Rxf2 Bb7 19. Nxd7+ Kg8 20. Rff1 Rh7 21. Bd3 Rg7 22. Be4 Rg4 23. Rae1 Ng7 24. h3 {[%emt 0:00:26] Weighted Error Value: White=0.12 (very precise) /Black=0.53.  Loses game:     	---       	Black=1      Mistake:       	---       	Black=2      Inaccurate:     	White=1     	Black=2      OK:         	White=9     	Black=4      Best:        	White=2     	Black=1} 1-0

[Event "76th Montenegro Championship 2024"]
[Site "Podgorica"]
[Date "2024.02.06"]
[Round "1.16"]
[White "Cadjenovic, Dragan"]
[Black "Nikac, Predrag"]
[Result "0-1"]
[ECO "A10"]
[WhiteElo "1809"]
[BlackElo "2304"]
[Annotator "TA"]
[PlyCount "52"]
[EventDate "2024.02.06"]
[EventType "swiss"]
[EventCountry "MNE"]
[SourceTitle "playchess.com"]
[Source "ChessBase"]
[SourceQuality "1"]
[TimeControl "40/5400+30:1800+30"]

1. Nf3 g6 2. c4 Bg7 3. Nc3 d6 4. d3 f5 5. Qb3 Nc6 6. Bd2 Nf6 7. e3 e5 8. Nd5 {[%emt 0:00:00] Black is slightly better.} a5 9. Nxf6+ Qxf6 10. Bc3 a4 11. Qc2 g5 12. Be2 O-O (12... a3 $5) 13. O-O g4 14. Ne1 Qg6 15. Rd1 ({Better is} 15. f4 $15) 15... f4 $17 16. exf4 exf4 {[%emt 0:00:02] [#] Strongly threatening ...f3.} 17. Bxg7 $2 {[%emt 0:00:00] Now White is beyond hope.} (17. d4 $17) 17... Qxg7 $19 18. Qc3 Nd4 19. Rd2 f3 20. Bd1 a3 21. Qc1 $2 {[%emt 0:00:00] [#]} (21. Kh1 fxg2+ 22. Nxg2) 21... fxg2 22. Kxg2 Bd7 23. f3 gxf3+ 24. Kf2 Qh6 {[%emt 0:02:11] Black mates.} 25. Rg1+ Kh8 26. Qc3 Qh4+ {[%emt 1:04:40] Weighted Error Value: White=1.09/Black=0.06 (flawless) .  Mistake:       	White=3     	---        Inaccurate:     	White=3     	Black=1      OK:         	White=6     	Black=5      Best:        	---       	Black=1} 0-1

[Event "76th Montenegro Championship 2024"]
[Site "Podgorica"]
[Date "2024.02.06"]
[Round "1.17"]
[White "Podlesnik, Bogdan"]
[Black "Lekic, Pavle"]
[Result "1-0"]
[ECO "C62"]
[WhiteElo "2284"]
[BlackElo "1661"]
[Annotator "COMBH"]
[PlyCount "57"]
[EventDate "2024.02.06"]
[EventType "swiss"]
[EventCountry "MNE"]
[SourceTitle "playchess.com"]
[Source "ChessBase"]
[SourceQuality "1"]
[TimeControl "40/5400+30:1800+30"]

1. e4 e5 2. Nf3 Nc6 3. Nc3 Nf6 4. Bb5 d6 5. d4 exd4 6. Qxd4 Bd7 7. Qd3 Nb4 8. Qe2 Be7 9. a3 Nc6 10. Bf4 O-O 11. O-O-O a6 12. Bxc6 Bxc6 13. e5 Nh5 14. Be3 f5 15. Nd4 f4 16. Nxc6 bxc6 17. Bd4 f3 18. Qc4+ d5 19. Qxc6 fxg2 20. Rhg1 Bg5+ 21. Kb1 Nf4 22. Be3 Rb8 23. Nxd5 Nxd5 24. Qe6+ Kh8 25. Rxd5 Bxe3 26. Rxd8 Rbxd8 27. Rxg2 Bxf2 28. Qe7 Rg8 29. Rxf2 1-0

[Event "76th Montenegro Championship 2024"]
[Site "Podgorica"]
[Date "2024.02.06"]
[Round "1.18"]
[White "Lakusic, Zoran"]
[Black "Vukcevic, Nemanja"]
[Result "0-1"]
[ECO "A05"]
[WhiteElo "1650"]
[BlackElo "2275"]
[Annotator "NA RC"]
[PlyCount "78"]
[EventDate "2024.02.06"]
[EventType "swiss"]
[EventCountry "MNE"]
[SourceTitle "playchess.com"]
[Source "ChessBase"]
[SourceQuality "1"]
[TimeControl "40/5400+30:1800+30"]

1. a3 Nf6 2. Nf3 g6 3. b3 Bg7 4. Bb2 O-O 5. g3 d6 6. Bg2 e5 7. d3 Nc6 8. Nbd2 h6 9. O-O Be6 10. d4 e4 11. Ne1 e3 12. fxe3 Ng4 13. Rf3 f5 14. h3 Nf6 15. c4 d5 16. Nd3 g5 17. Rf2 b6 18. Rc1 Ne7 19. c5 Nh5 20. Nf1 Ng6 21. Bf3 Nf6 22. Rh2 Ne4 23. Bh5 Ne7 24. Bf3 Qd7 25. b4 f4 26. exf4 Bxh3 27. Bxe4 dxe4 28. c6 Qe6 29. Ne5 gxf4 30. gxf4 Rxf4 31. Qd2 Bxe5 32. dxe5 Qg4+ 33. Kh1 Bxf1 34. Qd1 Raf8 35. Qd7 Bxe2 36. Rg1 Bf3+ 37. Rhg2 Ng6 38. Qd5+ R8f7 39. e6 Qh3# 0-1

[Event "76th Montenegro Championship 2024"]
[Site "Podgorica"]
[Date "2024.02.07"]
[Round "2.1"]
[White "Draganic, Veljko"]
[Black "Kadric, Denis"]
[Result "0-1"]
[ECO "B06"]
[WhiteElo "2323"]
[BlackElo "2584"]
[Annotator "RC"]
[PlyCount "102"]
[EventDate "2024.02.06"]
[EventType "swiss"]
[EventCountry "MNE"]
[SourceTitle "playchess.com"]
[Source "ChessBase"]
[SourceQuality "1"]
[TimeControl "40/5400+30:1800+30"]

1. e4 d6 2. d4 g6 3. Nf3 Bg7 4. Be2 Nd7 5. O-O e5 6. Nc3 Ngf6 7. Re1 O-O 8. Bf1 a6 9. a4 b6 10. g3 Bb7 11. Bg2 c6 12. dxe5 dxe5 13. b3 Re8 14. Ba3 b5 15. Qe2 Qb6 16. Bb2 Bf8 17. Nb1 a5 18. Na3 Ba6 19. axb5 cxb5 20. c4 b4 21. Nc2 Nc5 22. Nxe5 Nxb3 23. Rad1 a4 24. Qf3 Ra7 25. Nxg6 fxg6 26. Bxf6 Rf7 27. e5 Bb7 28. Qf4 Bxg2 29. Kxg2 Nc5 30. Ne3 b3 31. Nd5 Qb7 32. h4 Qc8 33. h5 Qf5 34. hxg6 Qxg6 35. Qf3 Bh6 36. Rd4 Kf8 37. Qc3 Rb7 38. Qa5 Ne6 39. Rdd1 b2 40. Rb1 Bc1 41. Rexc1 bxc1=Q 42. Rxc1 Qe4+ 43. Kh2 Qd4 44. Ne3 Rb2 45. Nd1 Qd2 46. Qxa4 Ra2 47. Qb3 Qxc1 48. Qf3 Qc2 49. Kg2 Qe2 50. Qf5 Qxd1 51. Qxh7 Nf4+ 0-1

[Event "76th Montenegro Championship 2024"]
[Site "Podgorica"]
[Date "2024.02.07"]
[Round "2.2"]
[White "Petrov, Nikita"]
[Black "Skvortsov, Andrei"]
[Result "1/2-1/2"]
[ECO "A22"]
[WhiteElo "2563"]
[BlackElo "2307"]
[Annotator "TA"]
[PlyCount "78"]
[EventDate "2024.02.06"]
[EventType "swiss"]
[EventCountry "MNE"]
[SourceTitle "playchess.com"]
[Source "ChessBase"]
[SourceQuality "1"]
[TimeControl "40/5400+30:1800+30"]

1. c4 e5 2. Nc3 Nf6 3. Nf3 d6 4. g3 c6 5. Bg2 e4 (5... Be7 $11 {remains equal.}) 6. Nd4 $16 d5 7. cxd5 cxd5 8. d3 {[%emt 0:03:12] White is better.} exd3 9. Qxd3 Nc6 10. O-O Nb4 (10... Be7 $142) 11. Qd1 Be7 12. Qb3 O-O 13. Rd1 Bc5 14. Be3 Qe7 {[%emt 0:07:12] Inhibits Ne6.} 15. Na4 (15. Bxd5 Ng4 $11) (15. Rac1 $18) 15... Na6 16. Nxc5 Nxc5 17. Qa3 {[%emt 0:00:42] [#] Nb3 is the strong threat.} Re8 18. Rac1 b6 19. Nc6 ({White should try} 19. b4 Ne6 20. Nc6) 19... Qe6 20. Nb4 {[%emt 0:07:23] White has more active pieces.} (20. Nxa7 Qd7 21. Nxc8 (21. Bxc5 $2 Rxa7 22. Qb3 bxc5 $19) 21... Rxa3 22. Nxb6 Qb5 23. bxa3 Rxe3 (23... Qxe2 $2 24. Bxc5 d4 25. Bxd4 $18) 24. Nxd5 Rxa3 $11 (24... Rxe2 $2 25. Nc3 $16)) 20... Bb7 21. Nd3 Nxd3 22. Rxd3 ({Stronger than} 22. exd3 d4 23. Bxb7 dxe3 $17) 22... Qe5 {[%emt 0:09:12] Against Rc7} 23. Bf3 Ne4 24. Bd4 (24. Bf4 {is more complex.} Qf5 25. Rc7 Nc5 26. Re3) 24... Qe7 25. Qxe7 Rxe7 26. Be3 f6 27. a4 Kf7 28. b4 Rd8 29. b5 Ng5 30. Bxg5 fxg5 31. Rcd1 Red7 {[%emt 0:04:27] [#]} 32. e4 d4 $11 33. h4 h6 34. hxg5 hxg5 35. Re1 Re7 36. Bg2 g4 37. e5 Bxg2 38. Kxg2 Ke6 39. Re4 Red7 {[%emt 0:00:20] White really could win this.   Weighted Error Value: White=0.11 (very precise) /Black=0.14 (very precise) .  Mistake:       	White=3     	Black=1      Inaccurate:     	White=3     	Black=6      OK:         	White=15    	Black=9      Best:        	White=1     	Black=4} 1/2-1/2

[Event "76th Montenegro Championship 2024"]
[Site "Podgorica"]
[Date "2024.02.07"]
[Round "2.3"]
[White "Nikac, Predrag"]
[Black "Djukic, Nikola"]
[Result "0-1"]
[ECO "B20"]
[WhiteElo "2304"]
[BlackElo "2529"]
[Annotator "TA"]
[PlyCount "80"]
[EventDate "2024.02.06"]
[EventType "swiss"]
[EventCountry "MNE"]
[SourceTitle "playchess.com"]
[Source "ChessBase"]
[SourceQuality "1"]
[TimeControl "40/5400+30:1800+30"]

1. e4 c5 2. b3 g6 3. Bb2 Nf6 4. f4 Bg7 5. Nf3 O-O 6. e5 Nd5 7. g3 d6 8. Bg2 {[%emt 0:05:20] Black is slightly better.} Nc6 9. O-O Bg4 10. Qe1 Ndb4 11. Na3 Qd7 12. Qe3 Rad8 13. d3 Bxf3 14. Rxf3 dxe5 15. fxe5 Nd4 16. Rf2 Nbc6 {[%emt 0:00:11] A dynamic duo of knights.} 17. c3 (17. e6 $15 fxe6 (17... Qxe6 18. Qxe6 fxe6 19. Rxf8+ Rxf8 20. Re1 $17) (17... Nxe6 18. Bxg7 Kxg7 19. Re1 $17) 18. Rxf8+ Rxf8 19. c3) 17... Nf5 $17 18. Bxc6 Qxc6 (18... bxc6 19. Qxc5 Qxd3 20. Nc4 $15) 19. Qe2 {[%emt 0:03:43] [#]} Qd5 $1 20. g4 Nh4 {[%emt 0:00:20] Black has more active pieces.} 21. d4 cxd4 22. cxd4 f6 23. Qc4 (23. exf6 $17 {was forced.} exf6 (23... Rxf6 24. Qc4 $17) 24. Nc2) 23... fxe5 $19 24. Rxf8+ Kxf8 25. Rf1+ Nf3+ 26. Kg2 e4 $40 {[%emt 0:00:05][%mdl 128] Black is out for blood.} 27. Qxd5 Rxd5 28. Nc2 Ke8 29. Ne3 Ra5 30. a4 Nd2 (30... Bxd4 31. Nc4 Rd5 32. Rd1 $19) 31. Rc1 Nxb3 32. Rc7 b6 (32... Bxd4 33. Bxd4 Nxd4 34. Rxb7 $19) 33. Bc3 Rxa4 34. Nd5 Bxd4 (34... Nxd4 35. Rxe7+ Kf8 36. Rxe4 Ra2+ 37. Kh1 $11) 35. Rxe7+ Kd8 36. Rxh7 Bxc3 37. Nxc3 {[%emt 0:00:19] [#]} Rc4 38. Nd5 Rd4 39. Ne7 (39. Nf4 $17 Rd2+ 40. Kg3) 39... Rd6 40. Rg7 e3 {[%emt 0:00:00] Weighted Error Value: White=0.34/Black=0.09 (flawless) .  Loses game:     	White=1     	---        Mistake:       	White=2     	---        Inaccurate:     	---       	Black=1      OK:         	White=13    	Black=19     Best:        	White=4     	Black=4      Strong:       	---       	Black=1} 0-1

[Event "76th Montenegro Championship 2024"]
[Site "Podgorica"]
[Date "2024.02.07"]
[Round "2.4"]
[White "Draskovic, Luka"]
[Black "Podlesnik, Bogdan"]
[Result "1-0"]
[ECO "A46"]
[WhiteElo "2481"]
[BlackElo "2284"]
[Annotator "TA"]
[PlyCount "101"]
[EventDate "2024.02.06"]
[EventType "swiss"]
[EventCountry "MNE"]
[SourceTitle "playchess.com"]
[Source "ChessBase"]
[SourceQuality "1"]
[TimeControl "40/5400+30:1800+30"]

1. d4 Nf6 2. Nf3 e6 3. Bf4 c5 4. e3 Nc6 5. c3 Qb6 6. Qb3 Qxb3 7. axb3 Nh5 8. Bc7 {[%emt 0:06:22] White is slightly better.} cxd4 9. Nxd4 Nxd4 10. exd4 d6 11. Nd2 Nf6 12. Nc4 {[%emt 0:15:27] Strongly threatening Nb6.} Kd7 13. Ba5 {[%emt 0:04:58] White is much more active.} ({White should try} 13. Bb6 $16) 13... Nd5 14. Ne3 Nc7 15. c4 b6 16. Bc3 Bb7 17. Bd3 d5 18. O-O h5 19. f4 g6 20. Nc2 Be7 21. Ne1 Bd6 22. Nf3 f5 (22... a5 $11 {remains equal.}) 23. Ng5 Rhf8 24. h4 Bc6 25. g3 Be7 26. Nf3 {[%emt 0:01:14] Ne5+ is the strong threat.} Bf6 27. Kf2 (27. Be2 {simplifies} a5 28. Rfc1 a4 29. cxd5 Nxd5 30. bxa4 Rxa4 31. Rxa4 Bxa4 32. Ra1) 27... Rfd8 28. Ke3 Ke7 (28... dxc4 $11 {keeps the balance.} 29. bxc4 Bxf3 30. Rxf3 (30. Kxf3 Ke7 $14) 30... a5) 29. Bb4+ $16 Kf7 30. Ne5+ Bxe5 31. fxe5 a5 {[%emt 0:01:38] Black is weak on the dark squares} (31... dxc4 $142 32. bxc4 a5) 32. Bd6 Ne8 {[%emt 0:00:08] [#]} 33. c5 b5 {[%emt 0:04:09] [#]} 34. Ra2 $1 Rd7 35. Rfa1 Rda7 {[%emt 0:00:11] [#]} 36. b4 $1 a4 37. Ra3 Nc7 (37... f4+ {keeps fighting.} 38. Kd2 (38. Kxf4 Ng7 $18) 38... Ng7) 38. Bxc7 Rxc7 39. b3 Rb8 $2 (39... Rb7 40. Kf4 Kg7) 40. bxa4 $18 bxa4 41. Rxa4 (41. Rb1 Rcb7 $18) 41... Bxa4 42. Rxa4 {[%emt 0:00:05][%mdl 4096] Endgame. KRR-KRB} Rcb7 43. b5 Rxb5 (43... g5 $142 44. b6 (44. hxg5 Rxb5 45. Bxb5 Rxb5 $18) 44... f4+ 45. gxf4 gxh4) 44. Bxb5 Rxb5 {[%emt 0:00:05] KR-KR} 45. Ra7+ Ke8 46. Kf4 Rb4 47. Kg5 Rxd4 48. Kf6 Rd3 {[%emt 0:01:17] White mates.} 49. Kxe6 Kd8 50. Kd6 Kc8 51. c6 {[%emt 0:00:06] Weighted Error Value: White=0.09 (flawless) /Black=0.26 (precise) .  Mistake:       	White=1     	Black=6      Inaccurate:     	White=4     	Black=5      OK:         	White=12    	Black=12     Best:        	White=4     	Black=3      Strong:       	White=1     	---        Brilliant:      	White=1     	---} 1-0

[Event "76th Montenegro Championship 2024"]
[Site "Podgorica"]
[Date "2024.02.07"]
[Round "2.5"]
[White "Vukcevic, Nemanja"]
[Black "Kalezic, Blazo"]
[Result "1-0"]
[ECO "C02"]
[WhiteElo "2275"]
[BlackElo "2407"]
[Annotator "RC"]
[PlyCount "135"]
[EventDate "2024.02.06"]
[EventType "swiss"]
[EventCountry "MNE"]
[SourceTitle "playchess.com"]
[Source "ChessBase"]
[SourceQuality "1"]
[TimeControl "40/5400+30:1800+30"]

1. e4 e6 2. d4 d5 3. e5 c5 4. c3 Nc6 5. Nf3 Qb6 6. Bd3 Bd7 7. O-O cxd4 8. Re1 Nge7 9. h4 a6 10. Nbd2 Nf5 11. c4 Ne3 12. Qe2 dxc4 13. Be4 Ng4 14. Nxc4 Qc7 15. Bf4 h5 16. Rac1 Rc8 17. Ng5 b5 18. Nd6+ Bxd6 19. exd6 Qb6 20. Qd3 Nf6 21. Bf3 Nb4 22. Rxc8+ Bxc8 23. Qb3 a5 24. a3 Na6 25. Be5 Bd7 26. Qd3 Nb8 27. Rc1 Na6 28. Qxd4 Qxd4 29. Bxd4 O-O 30. Bb7 Nb8 31. Bxf6 gxf6 32. Ne4 f5 33. Nf6+ Kg7 34. Nxh5+ Kg6 35. Nf4+ Kf6 36. Nd3 e5 37. Rc5 Re8 38. f4 exf4 39. Nxf4 Re1+ 40. Kf2 Rb1 41. Nd3 Rd1 42. Ke2 Rh1 43. g3 Rh2+ 44. Ke3 Ke6 45. Rd5 Kf6 46. Nf2 a4 47. Rd2 Ke6 48. Bd5+ Kxd6 49. Bxf7+ Ke7 50. Bd5 Nc6 51. Nd3 Rxd2 52. Kxd2 Nd4 53. Ke3 Nc2+ 54. Kf4 Kf6 55. Ne5 Be8 56. Bc6 Bh5 57. Bxb5 Nd4 58. Nd7+ Ke6 59. Bxa4 Ne2+ 60. Ke3 Nxg3 61. Nc5+ Kf6 62. b4 Nf1+ 63. Kf4 Nd2 64. b5 Nc4 65. Bb3 Ne5 66. b6 Ng6+ 67. Ke3 f4+ 68. Kf2 1-0

[Event "76th Montenegro Championship 2024"]
[Site "Podgorica"]
[Date "2024.02.07"]
[Round "2.6"]
[White "Smirnov, Artem"]
[Black "Zherebtsova, Alexandra"]
[Result "1-0"]
[ECO "E14"]
[WhiteElo "2406"]
[BlackElo "2270"]
[Annotator "TA"]
[PlyCount "50"]
[EventDate "2024.02.06"]
[EventType "swiss"]
[EventCountry "MNE"]
[SourceTitle "playchess.com"]
[Source "ChessBase"]
[SourceQuality "1"]
[TimeControl "40/5400+30:1800+30"]

1. d4 Nf6 2. Nf3 e6 3. e3 c5 4. Bd3 Nc6 5. O-O b6 6. c4 Bb7 7. Nc3 cxd4 8. exd4 Rc8 9. d5 {[%emt 0:00:00] White is better.} Na5 10. Qe2 Bb4 11. Nb5 {[%emt 0:00:00][%cal Oa2a3] a3! would now be deadly.} a6 12. Nbd4 {[%emt 0:00:00] White is more active.} Qc7 (12... b5 $16) 13. Bg5 $18 Be7 (13... Nxc4 14. dxe6 dxe6 15. Rac1 $18 (15. Nxe6 fxe6 16. Rfc1 b5 $14)) 14. Rac1 Ba8 {[%emt 0:00:00] [#]} (14... Qd8 $142 15. Bxf6 gxf6) 15. Nf5 $1 exf5 16. Bxf6 (16. Bxf5 Kf8 $14) 16... gxf6 17. Rfe1 ({Worse is} 17. Bxf5 Kf8 18. Qe4 Qd6 $11) 17... d6 $2 (17... Qc5 18. a3 (18. Bxf5 Kd8 $16) 18... Nb3) 18. Nd4 {[%emt 0:00:00] White is clearly winning.} Qd8 19. Nxf5 Rc7 20. b4 Nc6 21. dxc6 {[%emt 0:00:00] [#] Threatens to win with Qg4.} Bxc6 22. Qg4 h5 23. Qg7 Rf8 24. Qxf6 {[%emt 0:02:48] Ng7+ would kill now.} Rg8 25. Nxd6+ ({Inferior is} 25. Qxd6 Qxd6 26. Nxd6+ Kf8 $17) 25... Kd7 {[%emt 0:05:35] White took control after the opening.   Weighted Error Value: White=0.02 (flawless) /Black=0.55.  Mistake:       	---       	Black=3      Inaccurate:     	White=1     	Black=3      OK:         	White=8     	Black=2      Best:        	White=1     	---} 1-0